Cogmind - Beta 11 X4 --- EXPLORER MODE // 2021.06.03 @ 22:33:10 Player: Luigi Panache Result: Destroyed by as-47796 with Assembled Heavy Rifle Performance ------------- Evolutions (0) 0 Regions Visited (4) 800 Robots Destroyed (24) 120 Value Destroyed (519) 519 Prototype IDs (23) 460 Alien Tech Used (0) 0 Bonus (52) 52 TOTAL SCORE: 1951 Bonus ------- Follower Combat Kills 59 Friendly Fire -7 Cogmind --------- Core Integrity 0/250 Matter 298/300 Energy 100/100 System Corruption 1% Temperature Cool (0) Movement Core (3350) Ox66 Location -9/Mines Parts ------- > --- POWER (1) -------- (None) > --- PROPULSION (2) --- (None) > --- UTILITY (3) ------ Humpback > --- WEAPON (2) ------- (None) > --- INVENTORY (35) --- Ion Engine Light Treads Light Treads Aluminum Leg Aluminum Leg Aluminum Leg Aluminum Leg Small Storage Unit Medium Storage Unit Large Storage Unit Humpback Humpback High-capacity Matter Pod (109) Sensor Array Signal Interpreter Cloak of Protection Core Shielding Utility Shielding Grenade Launcher Peak State ------------ > --- POWER ------------ Ion Engine > --- PROPULSION ------- Aluminum Leg Aluminum Leg > --- UTILITY ---------- Medium Storage Unit Large Storage Unit Utility Shielding > --- WEAPON ----------- Light Assault Rifle Light Assault Rifle > --- INVENTORY -------- Ion Engine Light Treads Light Treads Aluminum Leg Aluminum Leg Small Storage Unit High-capacity Matter Pod Sensor Array Signal Interpreter Cloak of Protection Core Shielding Small Laser Grenade Launcher [Rating: 10] Favorites ----------- Power Ion Engine Engine Ion Engine Propulsion Aluminum Leg Treads Light Treads Leg Aluminum Leg Utility Utility Shielding Storage Medium Storage Unit Protection Utility Shielding Weapon Light Assault Rifle Energy Gun Small Laser Ballistic Gun Light Assault Rifle Build | -11 -10 -10 -10 -9 ------- Run | Scr Mat Min Exi Min Slots Evolved 1 | . 1 . . . Power . | . . . . . Propulsion . | . . . . . Utility 1 | . 1 . . . Weapon . | . . . . . Parts Attached 9 | . 1 3 3 2 Power . | . . . . . Engine . | . . . . . Core . | . . . . . Reactor . | . . . . . Propulsion 5 | . . 2 2 1 Treads 3 | . . . 2 1 Leg 2 | . . 2 . . Wheel . | . . . . . Hover . | . . . . . Flight . | . . . . . Utility 2 | . 1 . 1 . Device . | . . . . . Storage 2 | . 1 . 1 . Processor . | . . . . . Hackware . | . . . . . Protection . | . . . . . Artifact . | . . . . . Weapon 2 | . . 1 . 1 Energy Gun 1 | . . . . 1 Energy Cannon . | . . . . . Ballistic Gun 1 | . . 1 . . Ballistic Cannon . | . . . . . Launcher . | . . . . . Special Weapon . | . . . . . Impact Weapon . | . . . . . Slashing Weapon . | . . . . . Piercing Weapon . | . . . . . Special Melee Weapon . | . . . . . Unidentified Prototypes . | . . . . . Parts Lost 8 | . . 1 . 7 Power 1 | . . . . 1 Propulsion 3 | . . . . 3 Utility . | . . . . . Weapon 4 | . . 1 . 3 Highest Loss Streak 7 | . . 1 . 7 Average Slot Usage (%) 88 | . 88 100 83 36 Engine 11 | . 12 12 12 4 Treads 3 | . . . 7 11 Leg 20 | . 25 25 17 . Storage 19 | . 13 25 16 12 Protection 8 | . 12 12 4 . Energy Gun 3 | . 12 3 . . Ballistic Gun 20 | . 12 21 25 7 Naked Turns . | . . . . . Heaviest Build 207 | 18 38 38 207 207 Greatest Support 40 | 20 20 20 40 40 Greatest Overweight (x) 66 | . 1 1 10 66 Average Overweight (x) 1 | . . 1 3 19 Largest Inventory Capacity 35 | . 15 15 35 35 Average Capacity 20 | . 10 15 28 35 Most Carried 23 | . 8 12 23 23 Average Carried 13 | . 7 10 18 21 Final Capacity 35 | 10 15 15 35 35 Final Carried 23 | 7 8 12 23 21 Class Distribution -------------------- 60% | Hacker-Mutant 31% | Hauler-Mutant 7% | Commander-Mutant Dominant Class ---------------- Hacker-Mutant | -10/Materials Hacker-Mutant | -10/Mines Hauler-Mutant | -10/Exiles Hauler-Mutant | -9/Mines Resources | -11 -10 -10 -10 -9 ----------- Run | Scr Mat Min Exi Min Matter Collected 476 | 200 38 192 46 . Remotely . | . . . . . Salvage Created 785 | . 351 298 93 43 Parts 61 | . 33 22 4 2 Haulers Intercepted 1 | . 1 . . . Recyclers Shooed 2 | . . 2 . . Parts Field Recycled . | . . . . . Retrieved Matter . | . . . . . Parts Self-Destructed . | . . . . . Prevented . | . . . . . Kills | -11 -10 -10 -10 -9 ------- Run | Scr Mat Min Exi Min Combat Hostiles Destroyed 19 | . 7 11 . 1 Guns 19 | . 7 11 . 1 Classes Destroyed 6 | . 5 . . 1 Builder 1 | . 1 . . . Hauler 1 | . 1 . . . Watcher 3 | . 3 . . . Swarmer 10 | . 3 7 . . Grunt 8 | . 4 4 . . Demolisher 1 | . . . . 1 Best Kill Streak 4 | . 4 2 . 1 Combat Bots Only 2 | . 2 2 . 1 Max Kills in Single Turn 1 | . 1 1 . 1 Gunslinging . | . . . . . Exploded . | . . . . . Melee . | . . . . . Uniques/NPCs Destroyed . | . . . . . Combat | -11 -10 -10 -10 -9 -------- Run | Scr Mat Min Exi Min Damage Taken 1411 | . 123 237 . 1051 Core 251 | . 11 55 . 185 Absorbed by Shields . | . . . . . Core Remaining (%) 100 | 100 . . . . Volleys Fired 95 | . 38 37 7 13 Largest 2 | . 2 2 2 1 Hottest 60 | . 60 60 40 40 Shots Fired 163 | . 64 72 14 13 Gun 163 | . 64 72 14 13 Cannon . | . . . . . Launcher . | . . . . . Special . | . . . . . Kinetic 124 | . 38 65 14 7 Thermal 39 | . 26 7 . 6 Explosive . | . . . . . Electromagnetic . | . . . . . Robot Hit Streak 14 | . 13 14 11 12 Robot Miss Streak 3 | . 3 2 2 1 Penetration Max . | . . . . . Secondary Targets 5 | . 1 4 . . Max Gunslinging Chain 1 | . 1 1 . . Shots Hit Robots 129 | . 51 55 11 12 Core Hits 57 | . 24 24 5 4 Critical Kills 2 | . . 2 . . Critical Parts Destroyed . | . . . . . Critical Strikes 2 | . . 2 . . Destroy 2 | . . 2 . . Melee Attacks . | . . . . . Impact . | . . . . . Slashing . | . . . . . Piercing . | . . . . . Sneak Attacks . | . . . . . Combat Hostiles . | . . . . . Follow-up Attacks . | . . . . . Damage Inflicted 1148 | . 467 473 92 116 Guns 1131 | . 467 456 92 116 Cannons . | . . . . . Explosions . | . . . . . Melee . | . . . . . Ramming 17 | . . 17 . . Kinetic 770 | . 224 401 92 53 Thermal 361 | . 243 55 . 63 Explosive . | . . . . . Electromagnetic . | . . . . . Impact . | . . . . . Slashing . | . . . . . Piercing . | . . . . . Highest Corruption 1 | . 1 1 1 1 Average Corruption 1 | . 1 1 1 1 Corruption Purged . | . . . . . Effects 10 | . 2 4 4 . Message Errors 5 | . 1 2 2 . Energy Discharges 3 | . 1 1 1 . Data Loss (minor) 2 | . . 1 1 . Overload Shots . | . . . . . Overflow Damage . | . . . . . Projectiles . | . . . . . Explosions . | . . . . . Melee . | . . . . . Knockbacks . | . . . . . Impact . | . . . . . Kinetic . | . . . . . Secondary . | . . . . . Self-Inflicted Damage . | . . . . . Shots . | . . . . . Rammed . | . . . . . Targets Rammed 2 | . . 2 . . Kicked 2 | . . 2 . . Crushed . | . . . . . Highest Temperature 94 | . 71 94 . . Average Temperature 32 | . 23 46 . . Received Heat Transfer 189 | . 75 114 . . Siege Activations . | . . . . . Robots Corrupted . | . . . . . Combat Hostiles . | . . . . . Parts Fried . | . . . . . Impact Corruptions . | . . . . . Robots Melted . | . . . . . Combat Hostiles . | . . . . . Parts Melted . | . . . . . Heat Transferred 825 | . 550 125 . 150 Parts Sabotaged . | . . . . . Parts Stolen . | . . . . . Parts Stripped . | . . . . . Power Chain Reactions . | . . . . . Missiles Intercepted . | . . . . . Alert | -11 -10 -10 -10 -9 ------- Run | Scr Mat Min Exi Min Peak Influence 228 | . 228 150 . 55 Initial . | . . . . . Average 55 | . 67 55 . 16 Maximum Alert Level 1 | . 1 . . . Low Security (%) 97 | . 91 100 . 100 Level 1 2 | . 8 . . . Level 2 . | . . . . . Level 3 . | . . . . . Level 4 . | . . . . . Level 5 . | . . . . . High Security . | . . . . . Max Security . | . . . . . Squads Dispatched . | . . . . . Investigation . | . . . . . Extermination . | . . . . . Reinforcement . | . . . . . Assault . | . . . . . Garrison . | . . . . . Intercept . | . . . . . Construction Impeded . | . . . . . Haulers Reinforced . | . . . . . Cargo Convoy Interrupts . | . . . . . Stealth | -11 -10 -10 -10 -9 --------- Run | Scr Mat Min Exi Min Distress Signals . | . . . . . Communications Jammed . | . . . . . Distress Signals . | . . . . . Times Spotted 30 | . 12 12 . 6 Peak Tracking Total 2 | . 2 2 . 2 Tactical Retreats . | . . . . . Traps | -11 -10 -10 -10 -9 ------- Run | Scr Mat Min Exi Min Traps Triggered 2 | . 2 . . . Indirectly . | . . . . . Trap Hack Attempts . | . . . . . Triggered . | . . . . . Disarmed . | . . . . . Reprogrammed . | . . . . . Reused . | . . . . . Traps Extracted . | . . . . . Installed . | . . . . . Triggered . | . . . . . Machines | -11 -10 -10 -10 -9 ---------- Run | Scr Mat Min Exi Min Machines Disabled . | . . . . . Max in Single Turn . | . . . . . Machines Sabotaged . | . . . . . Garrisons Compromised . | . . . . . Overloaded Fab Kills . | . . . . . Fab Network Shutdowns . | . . . . . Hacking | -11 -10 -10 -10 -9 --------- Run | Scr Mat Min Exi Min Machines Accessed 5 | . 3 . 2 . Terminals 3 | . 3 . . . Fabricators . | . . . . . Repair Stations . | . . . . . Recycling Units . | . . . . . Scanalyzers . | . . . . . Garrison Access . | . . . . . Total Hacks 9 | . 7 . 2 . Successful 6 | . 4 . 2 . Failed 3 | . 3 . . . Catastrophic . | . . . . . Database Lockouts . | . . . . . Manual 6 | . 5 . 1 . Terminals 7 | . 7 . . . Fabricators . | . . . . . Repair Stations . | . . . . . Recycling Units . | . . . . . Scanalyzers . | . . . . . Garrison Access . | . . . . . Terminal Hacks 6 | . 4 . 2 . Record 1 | . . . 1 . Part Schematic 2 | . 2 . . . Branch Access Points 1 | . 1 . . . Alert Level 1 | . 1 . . . EX-Prototype ID Bank 1 | . . . 1 . Fabricator Hacks . | . . . . . Repair Station Hacks . | . . . . . Recycling Unit Hacks . | . . . . . Scanalyzer . | . . . . . Garrison Access Hacks . | . . . . . Unauthorized Hacks . | . . . . . Terminals . | . . . . . Fabricators . | . . . . . Repair Stations . | . . . . . Recycling Units . | . . . . . Scanalyzers . | . . . . . Garrison Access . | . . . . . Data Cores Recovered . | . . . . . Used . | . . . . . Hacking Detections 2 | . 2 . . . Full Trace Events 1 | . 1 . . . Feedback Events . | . . . . . Feedback Blocked . | . . . . . Robot Schematics Acquired . | . . . . . Robots Built . | . . . . . Matter . | . . . . . Time . | . . . . . Total Robot Build Rating . | . . . . . Part Schematics Acquired 2 | . 2 . . . Parts Built . | . . . . . Matter . | . . . . . Time . | . . . . . Total Part Build Rating . | . . . . . Parts Repaired . | . . . . . Time . | . . . . . Parts Recycled . | . . . . . Recycled Matter . | . . . . . Retrieved Matter . | . . . . . Retrieved Components . | . . . . . Parts Scanalyzed . | . . . . . Part Schematics Acquired . | . . . . . Parts Damaged . | . . . . . Bothacking | -11 -10 -10 -10 -9 ------------ Run | Scr Mat Min Exi Min Used RIF Installer . | . . . . . Robots Hacked . | . . . . . Non-combat . | . . . . . Combat . | . . . . . Robot Hacks Applied . | . . . . . Relay Couplers Released . | . . . . . Robots Rewired 2 | . . . 2 . Allies Hacked . | . . . . . Hacks Repelled . | . . . . . Allies | -11 -10 -10 -10 -9 -------- Run | Scr Mat Min Exi Min Total Allies 5 | . . 3 2 . Largest Group 5 | . . 3 5 5 Highest-Rated Group 69 | . . 40 69 69 Highest-Rated Ally 21 | . . 16 21 21 Total Orders . | . . . . . Ally Attacks 10 | . . 3 . 7 Total Damage 130 | . . 29 . 101 Kills 3 | . . 1 . 2 Allies Corrupted . | . . . . . Allies Melted . | . . . . . Intel | -11 -10 -10 -10 -9 ------- Run | Scr Mat Min Exi Min Robot Analysis Total . | . . . . . Derelict Logs Recovered . | . . . . . Drone Launches . | . . . . . Drone Recoveries . | . . . . . Exploration | -11 -10 -10 -10 -9 ------------- Run | Scr Mat Min Exi Min Turns Passed 3358 | . 526 1291 1398 143 Spaces Moved 1264 | 1 311 590 353 9 Core 2 | . . . . 2 Treads 70 | . . . 63 7 Legs 1192 | 1 311 590 290 . Wheels . | . . . . . Hover . | . . . . . Flight . | . . . . . Fastest Speed 120 | 120 120 200 200 660 Average Speed 242 | 120 128 200 386 1346 Slowest Speed 3350 | 120 200 200 1160 3350 Overloaded Moves . | . . . . . Propulsion Burnouts . | . . . . . Robots Hopped . | . . . . . Cave-ins Triggered . | . . . . . Exploration Rate (%) 51 | 2 78 98 70 7 Regions Visited 4 Branch Regions 3 Pre-discovered Areas 1 | . . . 1 . Known Exits Taken 4 | 1 1 1 1 . Unknown Exits Taken . | . . . . . Scrap Searched 2 | . . 2 . . Spaces Dug . | . . . . . Terrain Destroyed . | . . . . . Melee . | . . . . . Projectile . | . . . . . AOE . | . . . . . Terrain Rammed . | . . . . . Walls Destroyed . | . . . . . Machines Disabled . | . . . . . Actions | -11 -10 -10 -10 -9 --------- Run | Scr Mat Min Exi Min Total 1426 | . 382 640 380 24 Wait 38 | . 32 6 . . Move 1260 | . 310 589 352 9 Hop . | . . . . . Pick Up 13 | . 1 3 9 . Fast Attach 4 | . 1 . 3 . Attach 3 | . . 1 . 2 Detach . | . . . . . Swap 2 | . . 2 . . Drop 5 | . . . 5 . Fire 95 | . 38 37 7 13 Melee . | . . . . . Ram . | . . . . . Kick 2 | . . 2 . . Crush . | . . . . . Escape Stasis . | . . . . . Rewire 4 | . . . 4 . Trap . | . . . . . Miscellaneous . | . . . . . Route ------- -11/Scrapyard -10/Materials (discovered 3 exits: *Mat x2 / *Min) -10/Mines (discovered 3 exits: *Mat x2 / *Exi) -10/Exiles -9/Mines (discovered 1 exit: *Mat) History --------- Turn | Location | Event 1 | -11/Scrapyard | Identified exit to Materials 1 | -11/Scrapyard | Discovered exit to Materials (range 0) 1 | -11/Scrapyard | Entered Materials 1 | -10/Materials | Evolved 1 slot: Utility x1 124 | -10/Materials | Identified exit to Materials 124 | -10/Materials | Discovered exit to Materials (range 15) 263 | -10/Materials | Discovered exit to Materials (range 9) 305 | -10/Materials | Build established: Hacker-Mutant 380 | -10/Materials | Identified exit to Mines 527 | -10/Materials | Entered Mines 653 | -10/Mines | Found a hidden stash of uninstalled traps 775 | -10/Mines | Deemed a non-threat by the Exiles lab entrance 777 | -10/Mines | Identified exit to Exiles 777 | -10/Mines | Discovered exit to Exiles (range 5) 1281 | -10/Mines | Discovered exit to Materials (range 8) 1303 | -10/Mines | Assisted by bots powering up and referring to "LRC-V3" 1327 | -10/Mines | Discovered exit to Materials (range 3) 1818 | -10/Mines | Entered Exiles 1818 | -10/Exiles | Found Exiles lab destroyed 1818 | -10/Exiles | Accompanied by 3 allies 2118 | -10/Exiles | Opened EX-Vault 2130 | -10/Exiles | Found Cloak of Protection 2241 | -10/Exiles | Learned location of Zion (-6) 2593 | -10/Exiles | Build established: Hauler-Mutant 3143 | -10/Exiles | Identified exit to Mines 3143 | -10/Exiles | Discovered exit to Mines (range 14) 3216 | -10/Exiles | Entered Mines 3216 | -9/Mines | Accompanied by 5 allies 3216 | -9/Mines | Identified exit to Materials 3216 | -9/Mines | Discovered exit to Materials (range 9) 3244 | -9/Mines | Assembled infested the area 3260 | -9/Mines | Core integrity fell below 50% 3287 | -9/Mines | Core integrity fell below 20% 3321 | -9/Mines | Lost 7 parts (1p3n3w) 3359 | -9/Mines | Destroyed by as-47796 with Assembled Heavy Rifle Last Messages --------------- 03327_ U-05 Engineer lays Concrete. 03329_ The unstable cave ceiling collapses. 03329_ U-05 Engineer builds a Wall. 03330_ The unstable cave ceiling collapses. 03333_ U-05 Engineer lays Concrete. 03336_ K-01 Serf collects debris. 03337_ U-05 Engineer lays Concrete. 03338_ K-01 Serf collects debris. 03341_ U-05 Engineer lays Concrete. 03341_ K-01 Serf collects debris. 03343_ U-05 Engineer lays Concrete. 03344_ K-01 Serf collects debris. 03345_ U-05 Engineer lays Concrete. 03346_ The unstable cave ceiling collapses. 03349_ U-05 Engineer destroyed. 03349_ K-01 Serf collects debris. 03353_ The unstable cave ceiling collapses. 03353_ Knocked back. 03355_ The unstable cave ceiling collapses. 03355_ K-01 Serf destroyed. Map ----- +----------------------------------------------------+ | ?????????????????????????????????????????????????? | | ?????????????????????????????????????????????????? | | ?????????????????????????????????????????????????? | | ?????????????????????????????????????????????????? | | ?????????????????????????????????????????????????? | | ?????????????????????????????????????????????????? | | ?????????????????????????????????????????????????? | | ?????????????????????????????????????????????????? | | ?????????????????????????????????????????????????? | | ?????????????????????????????????????????????????? | | ?????????????????????????????????????????????????? | | ?????????????????????????? ?????????????????????? | | ?????????????????????????? ?????????????????????? | | ?????????????????????????# ?????????????????????? | | ?????????????????????????# #????????????????????? | | ????????????????????????? #????????????????????? | | ?????????????????????????# #????????????????????? | | ?????????????????????????# #????????????????????? | | ?????????????????????????# #????????????????????? | | ?????????????????????????#% #????????????????????? | | ?????????????????????????# #????????????????????? | | ?????????????????????????# ####?????????????????? | | ?????????????????????????# * ##????????????????? | | ???????????????## ?????###!% # #????????????????? | | ???????????????# ???# = ###??????????????? | | ????????????????# % ##!@ # ###?????????????? | | ?????????????????# %=% a # ##????????????? | | ??????????????????# <% % ## #????????????? | | ??????????????????## #### a ## #????????????? | | ???????????????????##?# #%! #????????????? | | ??????????????????????## =!* ## #????????????? | | ???????????????????????## # #????????????? | | ????????????????????????## # ##????????????? | | ?????????????????????????##### ## ##?????????????? | | ???????????????????????????### ####??????????????? | | ?????????????????????????????# #?????????????????? | | ?????????????????????????????# #?????????????????? | | ?????????????????????????????# #?????????????????? | | ?????????????????????????????? ?????????????????? | | ??????????????????????????????##?????????????????? | | ?????????????????????????????????????????????????? | | ?????????????????????????????????????????????????? | | ?????????????????????????????????????????????????? | | ?????????????????????????????????????????????????? | | ?????????????????????????????????????????????????? | | ?????????????????????????????????????????????????? | | ?????????????????????????????????????????????????? | | ?????????????????????????????????????????????????? | | ?????????????????????????????????????????????????? | | ?????????????????????????????????????????????????? | +----------------------------------------------------+ Best States ------------- Heat Dissipation 25 Energy Generation 10 Energy Capacity 250 Matter Stores 300 Matter Capacity 300 Sight Range 16 Terrain Scan Density 10 Resistance: KI 35 Resistance: TH 35 Resistance: EX 35 Resistance: EM 35 Resistance: I 35 Resistance: S 35 Resistance: P 35 Utility Shielding 33 Evasion (%) 55 Recoil Reduction 2 Offensive Hacking 20 Item Schematics ----------------- Huge Storage Unit | -10/Materials | Hacked Hcp. Storage Unit | -10/Materials | Hacked Robot Schematics ------------------ None Fabricated ------------ Nothing Alien Tech Used ----------------- None Achievements -------------- None Challenges ------------ None Game ------ Seed TerrainGravmagGenerator Manual? 0 Play Time 00:12:30 Cumulative 366.1 hours Start 2021.06.03 @ 22:21:46 End 2021.06.03 @ 22:33:10 Sessions 1 Manual Loads 0 Difficulty Explorer Special Mode None Game No. 357 Rogue 146 Adventurer 112 Explorer 99 Win Type - Total 25 Types 18/0/5/2/0/0/0/0/0 Lore% 83 Gallery% 90 Achievement% 74 Wizard Run 0 Options --------- ASCII 0 Keyboard 0 Movement Numpad Keybinds 0 Fullscreen 2 Font 18/TerminusBold Map View 76x50 Tactical HUD 1 Map Filters NONE Filters NONE Steam 1 RUN: 68aab2ed-d62d-40d7-999b-0cb8dca6e4b6